 Dungeon Crawl Stone Soup version 0.31-a0-182-gc5ef74bbde (webtiles) character file.

Game seed: 11531903729780810419

354 qw the Chopper (level 6, 0/39 HPs)
             Began as a Gargoyle Fighter on June 21, 2023.
             Slain by a gnoll
             ... wielding a +0 halberd
             ... led by a gnoll bouda
              (6 damage)
             ... on level 4 of the Dungeon.
             The game lasted 00:01:44 (3473 turns).

qw the Chopper (Gargoyle Fighter)                   Turns: 3473, Time: 00:01:44

Health: 0/39       AC: 14    Str: 21    XL:     6   Next: 62%
Magic:  6/6        EV:  7    Int:  9    God:
Gold:   140        SH:  4    Dex:  9    Spells: 5/5 levels left

rFire   . . .        Y - +1 war axe
rCold   . . .        c - +0 buckler
rNeg    + + .        a - +0 chain mail
rPois   inf          (no helmet)
rElec   +            (no cloak)
rCorr   .            (no gloves)
SInv    .            i - +0 pair of boots
Will    .....        (no amulet) Stlth
                     j - ring of positive energy
HPRegen 0.26/turn    (no ring)
MPRegen 0.10/turn

%: no passive effects
@: no status effects
A: sickness immunity, AC +4, negative energy resistance 1, electricity
resistance, torment resistance 1, petrification resistance
a: no special abilities


You were on level 4 of the Dungeon.
You visited 1 branch of the dungeon, and saw 4 of its levels.

You collected 140 gold pieces.


Innate Abilities, Weirdness & Mutations

You are immune to sickness and miasma.
Your stone body is resilient. (AC +4)
You are immune to poison.
You resist negative energy. (rN+)
You are resistant to electric shocks. (rElec)
You are resistant to unholy torment.
You are immune to petrification.


   Skills:
 - Level 4.3 Fighting
 + Level 5.7 Axes
 - Level 3.2 Armour
 - Level 3.2 Shields


You had 5 spell levels left.
You didn't know any spells.
Your spell library was empty.

Inventory:

Hand Weapons
 l - a +0 flail
 Y - a +1 war axe (weapon)
Armour
 a - a +0 chain mail (worn)
 c - a +0 buckler (worn)
 i - a +0 pair of boots (worn)
Jewellery
 j - a ring of positive energy (left hand)
Scrolls
 b - a scroll of identify
Potions
 d - a potion of might
 f - a potion of curing
 h - a potion of ambrosia {unknown}
 k - a potion of resistance {unknown}
 n - a potion of mutation {unknown}

Dungeon Overview and Level Annotations

Branches:
Dungeon (4/15)
 Temple: D:4-7

Altars:
Ru


Message History

Enter note:
Enter note:
Enter note:
Enter note:
Enter note:
Enter note:
Enter note:
Enter note:
Enter note:
Enter note: You start resting.
A gnoll is nearby!
Enter note:
Enter note:
Enter note:
Enter note:
Enter note:
Enter note:
Enter note:
Enter note:
Enter note:
Enter note:
Enter note:
Enter note:
Enter note:
Enter note:
Enter note:
Enter note:
Enter note:
Enter note: The gnoll closely misses you.
The gnoll hits you but does no damage.
You hit the gnoll but do no damage. The gnoll barely misses you.
You barely miss the gnoll. The gnoll barely misses you.
You block the gnoll's attack.
You slash the gnoll!
The gnoll is almost dead.
The gnoll hits you with a +0 halberd.
You die...

..................... ~.¤..
.................(.....#..
¤¤.¤~
#..)..................!....7
#..%....................#..7
##..........................
#...........................
..........).................
........?...................
...............g@...........
...............)............
.............#.)............
##.........^.##....>......#.
#####.#.......>...#########
###############


You could see a gnoll.

Vanquished Creatures
  A phantom (D:3)
  A scorpion (D:4)
  A hound (D:4)
  An iguana (D:4)
  4 gnolls
  5 adders
  A worm (D:2)
  2 dart slugs
  3 endoplasms
  3 giant cockroaches
  9 goblins
  7 hobgoblins
  4 jackals (D:4)
  9 kobolds
  4 quokkas
  5 ball pythons
  11 bats
  4 frilled lizards
  5 rats
80 creatures vanquished.

Notes
Turn   | Place    | Note
-------+----------+-------------------------------------------
     0 | D:1      | qw the Gargoyle Fighter began the quest for the Orb.
     0 | D:1      | Reached XP level 1. HP: 14/14 MP: 1/1
     0 | D:1      | 0 ||| qw: Version: 0.3-a-9-g12657ce
     0 | D:1      | 0 ||| qw: Game counter: 1633
     0 | D:1      | 0 ||| qw: Always use a shield: true
     0 | D:1      | 0 ||| qw: God list: Okawaru
     0 | D:1      | 0 ||| qw: Allow faded altars: false
     0 | D:1      | 0 ||| qw: Do Orc after D:15 true
     0 | D:1      | 0 ||| qw: Do second Lair branch before Depths: true
     0 | D:1      | 0 ||| qw: Lair rune preference: random
     0 | D:1      | 0 ||| qw: Plans: Normal, Zot:1-4, Slime:5, God:TSO, Crypt,
                  | Tomb, Abyss, Pan, Hells, Win
     0 | D:1      | 0 ||| PLANNING D:1-11
    20 | D:1      | Reached skill level 2 in Axes
    40 | D:1      | 40 ||| Stepping ~*~*~tactically~*~*~ (stealth).
    42 | D:1      | Reached XP level 2. HP: 19/19 MP: 2/2
   125 | D:1      | Reached skill level 3 in Axes
   226 | D:1      | Reached XP level 3. HP: 23/23 MP: 3/3
   451 | D:1      | 451 ||| Stepping ~*~*~tactically~*~*~ (stealth).
   453 | D:1      | 453 ||| Stepping ~*~*~tactically~*~*~ (hiding).
   455 | D:1      | 455 ||| Stepping ~*~*~tactically~*~*~ (hiding).
   456 | D:1      | 456 ||| Stepping ~*~*~tactically~*~*~ (hiding).
   457 | D:1      | 457 ||| Stepping ~*~*~tactically~*~*~ (hiding).
   563 | D:1      | 563 ||| DROPPING +0 club.
   565 | D:1      | Found a faded altar of an unknown god.
   652 | D:1      | 652 ||| UPGRADING to +0 pair of boots.
   657 | D:1      | 657 ||| READING scroll labelled HUIVIEC ATHRORUPT.
   660 | D:1      | 660 ||| READING scroll labelled USETENO WOXA.
   661 | D:1      | 661 ||| READING scroll labelled SUIDGH JUSE.
   662 | D:1      | 662 ||| READING scroll labelled OHUIFI XYCK.
   680 | D:2      | 680 ||| Stepping ~*~*~tactically~*~*~ (hiding).
   697 | D:2      | Reached XP level 4. HP: 26/28 MP: 4/4
   721 | D:2      | 721 ||| DROPPING +0 whip.
   758 | D:2      | 758 ||| Stepping ~*~*~tactically~*~*~ (hiding).
   763 | D:2      | 763 ||| Stepping ~*~*~tactically~*~*~ (hiding).
   764 | D:2      | 764 ||| Stepping ~*~*~tactically~*~*~ (hiding).
   766 | D:2      | 766 ||| Stepping ~*~*~tactically~*~*~ (hiding).
  1115 | D:2      | 1115 ||| Stepping ~*~*~tactically~*~*~ (hiding).
  1124 | D:2      | Reached skill level 4 in Axes
  1442 | D:2      | 1442 ||| DROPPING +0 mace.
  1543 | D:2      | 1543 ||| UPGRADING to +0 chain mail.
  1553 | D:2      | 1553 ||| DROPPING +0 scale mail.
  1554 | D:2      | 1554 ||| UPGRADING to ring of positive energy.
  1555 | D:2      | 1555 ||| READING scroll labelled ATWIM POUTT.
  1556 | D:2      | 1556 ||| READING scroll labelled FAWNI NYASUMM.
  1723 | D:3      | 1723 ||| Stepping ~*~*~tactically~*~*~ (stealth).
  1724 | D:3      | 1724 ||| Stepping ~*~*~tactically~*~*~ (stealth).
  2165 | D:3      | 2165 ||| Stepping ~*~*~tactically~*~*~ (hiding).
  2166 | D:3      | 2166 ||| Stepping ~*~*~tactically~*~*~ (hiding).
  2487 | D:3      | 2487 ||| Stepping ~*~*~tactically~*~*~ (hiding).
  2708 | D:3      | 2708 ||| READING scroll labelled KIMU CEIHULEWK.
  2709 | D:3      | 2709 ||| DRINKING 2 yellow potions.
  2899 | D:4      | Reached XP level 5. HP: 20/32 MP: 5/5
  3100 | D:4      | Reached skill level 5 in Axes
  3135 | D:4      | Found a sacrificial altar of Ru.
  3136 | D:4      | 3136 ||| Stepping ~*~*~tactically~*~*~ (hiding).
  3137 | D:4      | 3137 ||| Stepping ~*~*~tactically~*~*~ (hiding).
  3147 | D:4      | HP: 7/32 [scorpion (2)]
  3148 | D:4      | 3148 ||| READING scroll of teleportation.
  3149 | D:4      | 3149 ||| DRINKING potion of heal wounds.
  3151 | D:4      | Noticed a phantom
  3152 | D:4      | 3152 ||| FLEEEEING.
  3153 | D:4      | 3153 ||| FLEEEEING.
  3154 | D:4      | 3154 ||| STAIRDANCE
  3156 | D:3      | 3156 ||| READING scroll labelled IXONKU VE XEJ.
  3157 | D:3      | 3157 ||| READING 2 scrolls of identify.
  3157 | D:3      | 3157 ||| IDENTIFYING purple potion
  3164 | D:4      | 3164 ||| STAIRDANCE
  3171 | D:3      | Killed a phantom
  3172 | D:3      | Reached XP level 6. HP: 29/39 MP: 6/6
  3309 | D:4      | 3309 ||| Stepping ~*~*~tactically~*~*~ (stealth).
  3312 | D:4      | 3312 ||| Stepping ~*~*~tactically~*~*~ (hiding).
  3315 | D:4      | 3315 ||| Stepping ~*~*~tactically~*~*~ (hiding).
  3410 | D:4      | 3410 ||| Stepping ~*~*~tactically~*~*~ (stealth).
  3412 | D:4      | 3412 ||| Stepping ~*~*~tactically~*~*~ (stealth).
  3414 | D:4      | 3414 ||| Stepping ~*~*~tactically~*~*~ (hiding).
  3416 | D:4      | 3416 ||| Stepping ~*~*~tactically~*~*~ (stealth).
  3417 | D:4      | 3417 ||| Stepping ~*~*~tactically~*~*~ (hiding).
  3418 | D:4      | 3418 ||| Stepping ~*~*~tactically~*~*~ (hiding).
  3419 | D:4      | 3419 ||| Stepping ~*~*~tactically~*~*~ (hiding).
  3459 | D:4      | HP: 9/39 [gnoll/+0 halberd[a gnoll bouda] (7)]
  3460 | D:4      | 3460 ||| READING scroll of teleportation.
  3463 | D:4      | HP: 3/39 [gnoll bouda/+0 rapier (8)]
  3473 | D:4      | Slain by a gnoll

Levels and vault maps discovered:
D:1:      minmay_arrival_glassed_features, layout_basic,
          ebering_ecumenical_altar_mist, minmay_close_crescents
D:2:      layout_basic, minmay_split_cup_large
D:3:      layout_basic, bh_walls_and_bars
D:4:      layout_cave_pods, mainiacjoe_overflow_paths,
          minmay_misc_feat_more_columns

Skill      XL: |  1  2  3  4  5 |
---------------+----------------+-----
Axes           | 2 3 4 5 |  5.7
Fighting       | 4 |  4.3
Armour         | |  3.2
Shields        | |  3.2

Action                     |  1- 3 |  4- 6 || total
---------------------------+-------+-------++-------
  Melee: War axe           |    77 |   160 ||   237
    Use: Scroll            |     4 |     7 ||    11
         Potion            |       |     2 ||     2
 Armour: Scale mail        |    61 |    25 ||    86
         Chain mail        |       |    85 ||    85
  Dodge: Dodged            |    36 |    69 ||   105
  Block: Buckler           |    12 |    39 ||    51

Table legend:
 A = Non-vault XP
 B = Vault XP
 C = Vault XP percentage of total XP
 D = Non-vault monster count
 E = Vault monster count
 F = Vault count percentage of total count
                 A         B        C        D         E       F
            +---------+---------+-------+---------+---------+-------
      Total |     481 |      25 |   4.9 |      73 |       7 |   8.8
            +---------+---------+-------+---------+---------+-------
        D:1 |      54 |       6 |  10.0 |      22 |       3 |  12.0
        D:2 |      42 |      19 |  31.1 |      16 |       4 |  20.0
        D:3 |     124 |       0 |   0.0 |      16 |       0 |   0.0
        D:4 |     261 |       0 |   0.0 |      19 |       0 |   0.0
            +---------+---------+-------+---------+---------+-------
